 Dungeon Crawl Stone Soup version 0.25-a0-167-g836c352ace (webtiles) character file.

Game seed: 2955441689968483489, levelgen mode: deterministic

3238 Leeroy the Destroyer (level 9, 0/62 HPs)
             Began as a Pale Draconian Conjurer on Nov 25, 2019.
             Was a Priest of Okawaru.
             Slain by a hippogriff (1 damage)
             ... on level 7 of the Dungeon.
             The game lasted 00:28:35 (10038 turns).

Leeroy the Destroyer (Pale Draconian Conjurer)     Turns: 10038, Time: 00:28:36

Health: 0/62       AC: 12    Str: 10    XL:     9   Next: 66%
Magic:  1/18       EV: 15    Int: 20    God:    Okawaru [***...]
Gold:   497        SH:  0    Dex: 11    Spells: 6/20 levels left

rFire    . . .     SeeInvis +   A - -2 triple sword
rCold    . . .     Gourm    .   (shield currently unavailable)
rNeg     . . .     Faith    .   (armour unavailable)
rPois    .         Spirit   .   (helmet restricted)
rElec    .         Reflect  .   E - +2 cloak of the Thief {+Fog Slay-2 SInv Stlth+}
rCorr    .         Harm     .   a - +0 pair of gloves
MR       .....                  l - +0 pair of boots
Stlth    ++++......             q - amulet of regeneration
HPRegen  0.60/turn              (no ring)
MPRegen  0.16/turn              (no ring)

@: heroism, very slightly contaminated
A: breathe steam, unfitting armour, cold-blooded, AC +7
a: Breathe Steam, Heroism, Renounce Religion, Evoke Fog


You were on level 7 of the Dungeon.
You worshipped Okawaru.
Okawaru was most pleased with you.
You were very hungry.

You visited 2 branches of the dungeon, and saw 9 of its levels.

You collected 498 gold pieces.
You spent 1 gold pieces at shops.

Inventory:

Hand Weapons
 f - a +0 dagger
 g - a +0 rapier
 n - a +0 short sword
 p - a cursed -2 hand axe
 x - a +0 giant club
 A - a -2 triple sword (weapon)
 G - a +0 falchion
 P - a +2 whip of freezing
Missiles
 j - 6 curare-tipped darts
 D - 6 boomerangs
 N - 20 poisoned darts (quivered)
Armour
 a - a +0 pair of gloves (worn)
 l - a +0 pair of boots (worn)
 E - the +2 cloak of the Thief (worn) {+Fog Slay-2 SInv Stlth+}
   (You found it on level 5 of the Dungeon)

   It affects your accuracy and damage with ranged weapons and melee attacks
   (-2).
   It lets you see invisible.
   It makes you more stealthy.
Jewellery
 c - an uncursed ring of protection from magic
 m - an uncursed ring of resist corrosion
 q - an amulet of regeneration (around neck)
 C - an uncursed ring of protection from cold {unknown}
 R - an uncursed amulet of rage {unknown}
Wands
 F - a wand of flame (17)
 K - a wand of iceblast (13)
 O - a wand of acid (7)
 Q - a wand of paralysis (7)
Scrolls
 e - 4 scrolls of immolation
 h - a scroll of amnesia {unknown}
 i - a scroll of teleportation
 k - a scroll of fog {unknown}
 o - 2 scrolls of remove curse {unknown}
 t - 3 scrolls of magic mapping {unknown}
 w - 2 scrolls of blinking {unknown}
 y - a scroll of enchant armour {unknown}
 J - 2 scrolls of noise {unknown}
 S - a scroll of random uselessness {unknown}
Potions
 d - 4 potions of heal wounds
 r - 6 potions of curing
 s - a potion of might
 u - a potion of degeneration {unknown}
 v - a potion of mutation
 z - 2 potions of resistance
 B - a potion of brilliance {unknown}
 H - 2 potions of magic
 I - a potion of ambrosia {unknown}
 L - a potion of agility {unknown}
Comestibles
 b - 16 rations
 M - 2 chunks of flesh


   Skills:
 + Level 9.0(14.0) Long Blades
 - Level 1.7(6.7) Dodging
 - Level 1.7(6.7) Stealth
 - Level 6.0 Spellcasting
 - Level 9.1 Conjurations


You had 6 spell levels left.
You knew the following spells:

 Your Spells              Type           Power        Failure   Level  Hunger
a - Magic Dart            Conj           ####         1%          1    None
b - Searing Ray           Conj           #####.       1%          2    None
c - Iskenderun's Mystic   Conj           #####...     2%          4    ####...
d - Dazzling Spray        Conj/Hex       ###...       4%          3    ##.....
e - Force Lance           Conj/Tloc      ###.....     16%         4    ####...

Your spell library contained the following spells:

 Spells                   Type           Power        Failure   Level  Hunger
 Shock                    Conj/Air       ###.         1%          1    None
 Static Discharge         Conj/Air       ###.....     4%          3    ##.....
 Swiftness                Chrm/Air       #.......     16%         2    None
 Fulminant Prism          Conj/Hex       ###.......   16%         4    ####...
 Lightning Bolt           Conj/Air       ###.......   41%         5    #####..
 Airstrike                Air            #.........   71%         4    ####...


Dungeon Overview and Level Annotations

Branches:
Dungeon (8/15)             Temple (1/1) D:4
   Lair: D:8-11

Altars:
Ashenzari
Cheibriados
Dithmenos
Elyvilon
Fedhas
Gozag
Hepliaklqana
Kikubaaqudgha
Makhleb
Okawaru
Qazlal
Ru
Sif Muna
Trog
Uskayaw
Vehumet
Wu Jian
Yredelemnul
Zin
The Shining One

Shops:
D:5 *:


Innate Abilities, Weirdness & Mutations

You can breathe blasts of scalding, opaque steam.
Your pale cyan-grey scales are hard. (AC +7)
You cannot fit into any form of body armour.
You are cold-blooded and may be slowed by cold attacks.


Message History

You barely miss the hippogriff.
The hippogriff is almost dead.
The hippogriff bites you but does no damage.
The hippogriff pecks you.
* * * LOW HITPOINT WARNING * * *
The hippogriff claws you.
* * * LOW HITPOINT WARNING * * *
You barely miss the hippogriff.
The hippogriff is almost dead.
The hippogriff bites you but does no damage.
The hippogriff pecks you!
* * * LOW HITPOINT WARNING * * *
The hippogriff claws you but does no damage.
Unknown command.
You barely miss the hippogriff.
The hippogriff is almost dead.
The hippogriff bites you!
* * * LOW HITPOINT WARNING * * *
The hippogriff pecks you.
You die...

#..####PP.P.# #..# #.....#P._.P#
#..### .####.#^...P# ####.#PP
....###P.^.P#### ########...PPPP
.....########..####........P≈PPPP
.....## ##........<..≈.PP≈♣≈≈
......## ##......##.P.P♣≈≈≈P.
.......# ####.....≈≈≈P≈≈♣≈≈PPPP
.......# ##....@..P≈P≈≈≈♣PP≈≈##.
......## ##.....H...P≈≈≈≈♣PP#...#
.....## ##..........≈≈≈♣♣PPPP##.#
.....# #..........PP≈≈≈♣♣PPP##..
....## ##..........P.P≈♣≈≈≈PPP...
...## ##............≈.PP≈≈♣♣≈PP.P
..## ##..............P.≈≈≈≈≈≈≈≈≈≈
.## #......>#####.....#P..PP≈P♣≈
### ##......[# #.....###PP≈≈P≈P


You could see a hippogriff.

Vanquished Creatures
  Pikel (D:7)
  Grinder (D:6)
  A hippogriff (D:7)
  A spriggan (D:7)
  3 orc warriors
  2 sky beasts
  2 ogres
  A phantom (D:5)
  A centaur (D:8)
  6 bullfrogs
  A scorpion (D:8)
  4 howler monkeys (D:8)
  An electric eel (D:7)
  2 crimson imps
  4 orc priests
  2 hounds
  A jelly (D:6)
  A bullfrog skeleton (D:4)
  Jessica (D:3)
  An iguana (D:5)
  5 orc wizards
  6 worker ants
  8 adders
  3 gnolls
  2 oozes
  An adder zombie (D:8)
  3 worms
  5 dart slugs
  3 leopard geckos
  24 orcs
  3 ball pythons
  6 bats
  3 giant cockroaches
  5 goblins
  5 hobgoblins
  7 jackals
  3 kobolds
  3 quokkas
  3 frilled lizards (D:2)
  A leopard gecko skeleton (D:4)
  A quokka zombie (D:5)
  2 rats
139 creatures vanquished.

Vanquished Creatures (others)
  A phantom (D:7)
  A bullfrog (D:7)
  A quokka skeleton (D:7)
  A plant (D:7)
4 creatures vanquished.

Grand Total: 143 creatures vanquished

Notes
Turn   | Place    | Note
-------+----------+-------------------------------------------
     0 | D:1      | Leeroy the Draconian Conjurer began the quest for the Orb.
     0 | D:1      | Reached XP level 1. HP: 14/14 MP: 3/3
   525 | D:1      | Reached XP level 2. HP: 17/20 MP: 5/5
   540 | D:1      | Learned a level 2 spell: Searing Ray
   689 | D:1      | Reached skill level 5 in Conjurations
   726 | D:1      | Reached XP level 3. HP: 22/26 MP: 6/6
  1752 | D:2      | Reached XP level 4. HP: 33/33 MP: 7/7
  1875 | D:3      | Noticed Jessica
  2165 | D:3      | Killed Jessica
  2519 | D:3      | Found a glowing golden altar of the Shining One.
  2647 | D:3      | Reached XP level 5. HP: 18/38 MP: 8/8
  3325 | D:4      | Found a staircase to the Ecumenical Temple.
  3331 | Temple   | Entered the Ecumenical Temple
  3537 | D:4      | Learned a level 4 spell: Iskenderun's Mystic Blast
  3559 | Temple   | Became a worshipper of Warmaster Okawaru
  3647 | D:4      | Noticed an ogre
  3651 | D:4      | Killed an ogre
  3651 | D:4      | Reached XP level 6. HP: 41/45 MP: 0/9
  4278 | D:5      | Entered Level 5 of the Dungeon
  4566 | D:5      | Found Zetifucu's Book Shoppe.
  4759 | D:5      | Found a glowing golden altar of the Shining One.
  4768 | D:5      | Noticed a sky beast
  4943 | D:5      | Killed a sky beast
  5025 | D:5      | Found Binutz's Lightly-Used Armoury.
  5028 | D:5      | Found a burning altar of Makhleb.
  5029 | D:5      | Bought a -2 triple sword for 1 gold piece
  5113 | D:5      | Found the +2 cloak of the Thief {+Fog Slay-2 SInv Stlth+}
  5244 | D:5      | Your scales start taking on a pale cyan-grey colour.
  5244 | D:5      | Reached XP level 7. HP: 50/50 MP: 5/10
  6175 | D:5      | Learned a level 3 spell: Dazzling Spray
  6213 | D:5      | Reached * piety under Okawaru
  6736 | D:5      | Learned a level 4 spell: Force Lance
  7013 | D:5      | Reached XP level 8. HP: 57/57 MP: 14/14
  7199 | D:6      | Noticed Grinder
  7223 | D:6      | Paralysed by Grinder for 7 turns
  7230 | D:6      | Killed Grinder
  7230 | D:6      | Reached skill level 5 in Spellcasting
  8073 | D:7      | Reached skill level 1 in Long Blades
  8150 | D:7      | Noticed a hippogriff
  8296 | D:8      | Reached ** piety under Okawaru
  8612 | D:8      | Reached skill level 5 in Long Blades
  8617 | D:8      | Reached XP level 9. HP: 53/62 MP: 7/18
  8708 | D:7      | Found a hide-covered altar of Uskayaw.
  8714 | D:7      | Found a hazy altar of Hepliaklqana.
  8714 | D:7      | Noticed Pikel
  8777 | D:7      | Killed Pikel
  8884 | D:7      | Found a shadowy altar of Dithmenos.
  9010 | D:7      | Found a sacrificial altar of Ru.
  9247 | D:7      | Reached *** piety under Okawaru
  9673 | D:7      | Found an ornate altar of the Wu Jian Council.
  9673 | D:7      | Found a bloodstained altar of Trog.
  9674 | D:7      | Found a sacrificial altar of Ru.
 10038 | D:7      | HP: 1/62 [hippogriff (9)]
 10038 | D:7      | Slain by a hippogriff

Levels and vault maps discovered:
D:1:      lemuel_arrival_lava_pool, layout_loops_ring, hangedman_decor_points
D:2:      layout_loops_cross, kennysheep_generic_room_7
D:3:      layout_loops_ring, lemuel_round_altar, bh_walls_and_bars, uniq_jessica
D:4:      cheibrodos_quashed, layout_cave_pods,
          minmay_temple_entry_gardened_gates
D:5:      layout_basic, bloody_makhleb, first_ration, serial_shops,
          nicolae_shop_competitors_out_of_business, minmay_shop_damaged,
          tso_metal_star
D:6:      layout_cave_pools, minmay_misc_feat_secret_circle, uniq_grinder
D:7:      layout_cave_pods, grunt_temple_overflow_open,
          gammafunk_temple_overflow_claw, old_standard_altar,
          kennysheep_crisscross, serial_bayou_lagoon_a, the_bakery,
          nicolae_ru_the_path_less_chosen, uniq_pikel
D:8:      minmay_evil_eye, layout_basic, old_standard_altar, basic_altar,
          serial_shops, kennysheep_mini_moat
Temple:   nicolae_temple_no_exploring_needed

Skill      XL: |  1  2  3  4  5  6  7  8  9 |
---------------+----------------------------+-----
Conjurations   | 5 6 7 8 9 |  9.1
Spellcasting   | 4 6 |  6.0
Long Blades    | 5 9 |  9.0
Dodging        | |  1.7
Stealth        | |  1.7

Action                   |  1- 3 |  4- 6 |  7- 9 || total
-------------------------+-------+-------+-------++-------
Melee: Unarmed           |    33 |       |       ||    33
       Tailslap          |    17 |    18 |    50 ||    85
       Dagger            |    78 |       |       ||    78
       Short sword       |    76 |   199 |   108 ||   383
       Triple sword      |       |       |   396 ||   396
Throw: Dart              |       |     1 |     1 ||     2
 Cast: Magic Dart        |     6 |     1 |       ||     7
       Searing Ray       |     1 |    14 |    21 ||    36
       Iskenderun's Myst |       |     4 |    22 ||    26
       Force Lance       |       |       |    12 ||    12
Invok: Heroism           |       |       |     1 ||     1
 Abil: Breathe Steam     |       |       |     3 ||     3
Evoke: Wand              |       |       |     3 ||     3
  Use: Scroll            |       |     5 |     5 ||    10
       Potion            |       |       |     1 ||     1
 Stab: Sleeping          |     1 |     1 |     1 ||     3
  Eat: Chunk             |     3 |     8 |    17 ||    28
       Ration            |       |     1 |     2 ||     3
Armor: Skin              |    84 |    72 |   347 ||   503
Dodge: Dodged            |   169 |   143 |   565 ||   877
       Rpst.: Triple sword |       |       |   138 ||   138

Table legend:
 A = Non-vault XP
 B = Vault XP
 C = Vault XP percentage of total XP
 D = Non-vault monster count
 E = Vault monster count
 F = Vault count percentage of total count
                 A         B        C        D         E       F
            +---------+---------+-------+---------+---------+-------
      Total |    3462 |    1164 |  25.2 |     132 |       7 |   5.0
            +---------+---------+-------+---------+---------+-------
        D:1 |      48 |       0 |   0.0 |      20 |       0 |   0.0
        D:2 |      60 |       8 |  11.8 |      18 |       3 |  14.3
        D:3 |      68 |      37 |  35.2 |      14 |       1 |   6.7
        D:4 |     241 |       0 |   0.0 |      10 |       0 |   0.0
        D:5 |     985 |       0 |   0.0 |      33 |       0 |   0.0
        D:6 |     261 |     267 |  50.6 |       6 |       1 |  14.3
        D:7 |     828 |     852 |  50.7 |      13 |       2 |  13.3
        D:8 |     971 |       0 |   0.0 |      18 |       0 |   0.0
            +---------+---------+-------+---------+---------+-------
